[Event "*** SCC Grand Prix: Titled Tuesday Blitz"]
[Site "Chess.com"]
[Date "2020.07.21"]
[Round "9"]
[White "hansen"]
[Black "Hikaru"]
[Result "1/2-1/2"]
[WhiteElo "2927"]
[BlackElo "3250"]
[TimeControl "180+1"]
[EndTime "11:47:58 PDT"]
[Termination "Game drawn by repetition"]

1. e4 e5 2. Nf3 Nc6 3. Bb5 Nf6 4.
O-O Nxe4 5. Re1 Nd6 6. Nxe5 Be7 7. Bf1 Nxe5 8. Rxe5 O-O 9. Nc3 Ne8 10. Nd5 Bd6 11. Re1 c6 12. Ne3 Be7 13. c4 Nc7 14. d4 d5 15.
cxd5 Bb4 16. Bd2 Bxd2 17. Qxd2 Nxd5 18. Nxd5 Qxd5 19. Re5 Qd6 20. Bc4 Bd7 21. Rae1 b5 22. Bb3 a5 23. a3 a4 24. Ba2 Rae8 25. Qc3 Rxe5 26. dxe5 Qe7 27. Rd1 c5 28. Rd6 Rc8 29. f4 Bf5 30. Bd5 b4 31. Qc4 h5 32. h3 Rc7 33.
axb4 cxb4 34. Qxb4 Qh4 35. Rc6 Rxc6 36. Bxc6 Qg3 37.
Kh1 Be6 38. Qxa4 g5 39. fxg5 Qe1+ 40. Kh2 Qxe5+ 41. Kh1 Qe1+ 42. Kh2 Qe5+ 43. Kh1 Qe1+ 44. Kh2 Qe5+ 1/2-1/2

[Event "*** SCC Grand Prix: Titled Tuesday Blitz"]
[Site "Chess.com"]
[Date "2020.07.21"]
[Round "9"]
[White "GMJustin"]
[Black "Vandros57"]
[Result "0-1"]
[WhiteElo "2287"]
[BlackElo "2139"]
[TimeControl "180+1"]
[EndTime "11:47:59 PDT"]
[Termination "Vandros57 won on time"]

1. e4 c5 2. Nf3 Nc6 3. Bb5 d6 4. O-O Bd7 5. Re1 Nf6 6. c3 a6 7.
Bc4 Bg4 8. d4 cxd4 9. cxd4 Bxf3 10. gxf3 e6 11. d5 Ne5 12. Bb3 exd5 13. f4 Ng6 14. e5 dxe5 15. fxe5 Ne4 16. Qxd5 Qxd5 17.
Bxd5 Nc5 18. b4 Nd3 19. Bxb7 Nxe1 20. Bxa8 Nc2 21. Bc6+ Kd8 22. Bb2 Nxa1 23. Bxa1 Bxb4 24. Bd5 Ke7 25. a3 Bc5 26. Nc3 Rd8 27. Bc4 Bd4 28.
Nd5+ Rxd5 29. Bxd5 Bxa1 0-1

[Event "*** SCC Grand Prix: Titled Tuesday Blitz"]
[Site "Chess.com"]
[Date "2020.07.21"]
[Round "9"]
[White "Thipsay"]
[Black "Quattroporte300"]
[Result "1-0"]
[WhiteElo "2472"]
[BlackElo "2349"]
[TimeControl "180+1"]
[EndTime "11:48:00 PDT"]
[Termination "Thipsay won on time"]

1. e4 e5 2. Nf3 Nc6 3. Bb5 a6 4.
Ba4 Nf6 5. O-O Be7 6. Re1 b5 7. Bb3 O-O 8. a4 Na5 9. Ba2 d6 10. axb5 Bb7 11. bxa6 Bxe4 12. b4 Nc6 13. b5 Nb4 14.
Bb3 Qd7 15. Nc3 Bg6 16. Ba3 c5 17. Bxb4 cxb4 18. Nd5 Rab8 19. a7 Ra8 20. b6 Bd8 21.
Nxf6+ gxf6 22. Bd5 Bxb6 23. Bxa8 Rxa8 24. Ra6 Qb7 25.
Ra2 Rxa7 26. Rxa7 Qxa7 27. Re2 f5 28. h3 e4 29. Nh4 Bh5 30. Nxf5 Bxf2+ 31. Kh2 Bxe2 32.
Qxe2 Kf8 33. Qxe4 Bc5 34. Qg4 Ke8 35. Qg8+ Kd7 36. Qxf7+ Kc6 37. Qe8+ Kd5 38. d3 Bd4 39. Qe4+ Kc5 40. Qxd4+ 1-0

[Event "*** SCC Grand Prix: Titled Tuesday Blitz"]
[Site "Chess.com"]
[Date "2020.07.21"]
[Round "9"]
[White "kasparicy"]
[Black "axvesik"]
[Result "0-1"]
[WhiteElo "2354"]
[BlackElo "2475"]
[TimeControl "180+1"]
[EndTime "11:48:01 PDT"]
[Termination "axvesik won by checkmate"]

1. e4 e6 2. d4 d5 3. Nd2 c5 4.
Ngf3 cxd4 5. exd5 Qxd5 6. Bc4 Qd7 7. Qe2 Nc6 8. Nb3 a6 9. Bg5 b5 10. Bd3 Be7 11. O-O-O Bxg5+ 12. Nxg5 Nf6 13. Kb1 O-O 14. h4 e5 15. Nc5 Qd6 16. Nce4 Nxe4 17. Nxe4 Qe7 18.
g4 Nb4 19. h5 Qe6 20. b3 Nxd3 21. Rxd3 f5 22. gxf5 Qxf5 23. Rg1 Ra7 24. Rdg3 Be6 25. Ng5 Bd5 26. Nh3 Rc7 27. f4 Rxc2 28. Rxg7+ Kh8 29. Qxc2 Be4 30. Qxe4 Qxe4+ 31. Ka1 d3 32. h6 Qd4+ 33. Kb1 d2 34. Rd1 Rc8 35. Ng5 Qd3+ 36. Kb2 Rc2+ 37.
Ka3 Qd6+ 38. b4 Qd3# 0-1

[Event "*** SCC Grand Prix: Titled Tuesday Blitz"]
[Site "Chess.com"]
[Date "2020.07.21"]
[Round "9"]
[White "Jumbo"]
[Black "IwkooO"]
[Result "1-0"]
[WhiteElo "2859"]
[BlackElo "2638"]
[TimeControl "180+1"]
[EndTime "11:48:02 PDT"]
[Termination "Jumbo won on time"]

1. d4 Nf6 2. Bf4 g6 3. Nf3 Bg7 4. e3 d6 5. Be2 O-O 6. h3 Nbd7 7.
O-O b6 8. c4 Bb7 9. Qc2 Ne4 10.
d5 e5 11. dxe6 fxe6 12. Nbd2 Ndc5 13. Rad1 a5 14. Bh2 Qf6 15. Nd4 Nxd2 16. Qxd2 Qg5 17. f3 Rae8 18. e4 Qxd2 19. Rxd2 Bxd4+ 20. Rxd4 e5 21. Rd2 Ne6 22. Rc1 a4 23. h4 Bc6 24.
Bg3 Kg7 25. Bf2 Bd7 26. b4 axb3 27. axb3 Ra8 28. b4 Rfd8 29. c5 dxc5 30. bxc5 bxc5 31. Bxc5 Be8 32. Rxd8 Rxd8 33. Be3 Rd7 34. Bc4 Nd4 35. Kf2 Bf7 36. Bf1 Be6 37. Rc5 Bf7 38. Rxe5 Nc2 39.
Bf4 1-0

[Event "*** SCC Grand Prix: Titled Tuesday Blitz"]
[Site "Chess.com"]
[Date "2020.07.21"]
[Round "9"]
[White "LuisFSiles"]
[Black "dodorox"]
[Result "1-0"]
[WhiteElo "2327"]
[BlackElo "2151"]
[TimeControl "180+1"]
[EndTime "11:48:02 PDT"]
[Termination "LuisFSiles won on time"]

1. d4 Nf6 2. c4 e6 3. Nc3 d5 4. cxd5 exd5 5. Bg5 Nbd7 6. e3 c6 7. Qc2 Be7 8. Bd3 h6 9. Bf4 Nh5 10. Be5 Nxe5 11. dxe5 O-O 12. h3 g6 13. g4 Ng7 14.
O-O-O b5 15. f4 Qa5 16. f5 Bg5 17. Kb1 gxf5 18. gxf5 Bxe3 19. Nf3 d4 20. Ne4 Kh8 21. Nf6 c5 22. Rde1 c4 23. Be4 d3 24. Qh2 Bxf5 25. Rxe3 1-0

[Event "*** SCC Grand Prix: Titled Tuesday Blitz"]
[Site "Chess.com"]
[Date "2020.07.21"]
[Round "9"]
[White "PotapovaM"]
[Black "cassoulet"]
[Result "0-1"]
[WhiteElo "2476"]
[BlackElo "2649"]
[TimeControl "180+1"]
[EndTime "11:48:04 PDT"]
[Termination "cassoulet won by resignation"]

1. d4 Nf6 2. c4 g6 3. Nc3 e5 4. dxe5 Ng4 5. Nf3 Nc6 6. Bf4 Bg7 7. Bg5 f6 8. exf6 Nxf6 9. e4 d6 10. c5 O-O 11. Bc4+ Kh8 12. cxd6 cxd6 13. O-O Bg4 14. h3 Bxf3 15. Qxf3 Ne5 16. Qe2 Qb6 17. Bxf6 Bxf6 18. Nd5 Qd4 19. Nxf6 Rxf6 20. Bd5 Nd3 21. Rad1 Nf4 22. Qg4 Qb6 23. b3 Raf8 24. Kh1 Nh5 25. f3 Qd8 26. Kh2 Rf4 27. Qe6 R8f6 28. Qg8+ Qxg8 29.
Bxg8 Kxg8 30. Rd3 Ng7 31. g3 Rxe4 32. Rfd1 Re2+ 33. Kg1 Nf5 34. g4 Nh4 35. Rf1 Rxa2 36. f4 Re6 37. f5 Ree2 38. Kh1 Rh2+ 0-1

[Event "*** SCC Grand Prix: Titled Tuesday Blitz"]
[Site "Chess.com"]
[Date "2020.07.21"]
[Round "9"]
[White "ichangedmyname_yup"]
[Black "Zmof"]
[Result "1-0"]
[WhiteElo "2338"]
[BlackElo "2175"]
[TimeControl "180+1"]
[EndTime "11:48:04 PDT"]
[Termination "ichangedmyname_yup won by resignation"]

1. e4 c5 2. Nf3 Nc6 3. d4 cxd4 4. Nxd4 Qb6 5. Nb3 Nf6 6. Nc3 e6 7. Be2 Bb4 8. Be3 Qc7 9. O-O Bxc3 10. bxc3 Nxe4 11. Qd3 d5 12. Nc5 Nxc5 13. Bxc5 b6 14. Ba3 Bb7 15. c4 Ne5 16. Qg3 f6 17. cxd5 Bxd5 18. f4 Nc4 19. Bxc4 Bxc4 20. Rfd1 Kf7 21. Bd6 Qc6 22. Rd2 Rad8 23. Rad1 Rd7 24. Bf8 Kxf8 25. Rxd7 Qc5+ 26. Kh1 g5 27. fxg5 Bd5 28. Qb8+ 1-0

[Event "*** SCC Grand Prix: Titled Tuesday Blitz"]
[Site "Chess.com"]
[Date "2020.07.21"]
[Round "9"]
[White "giantslayer83"]
[Black "deep306"]
[Result "1-0"]
[WhiteElo "2750"]
[BlackElo "2596"]
[TimeControl "180+1"]
[EndTime "11:48:05 PDT"]
[Termination "giantslayer83 won by resignation"]

1. d4 d5 2. c4 e6 3. Nc3 c6 4. e3 Nf6 5. Nf3 Nbd7 6. Qc2 Bd6 7. b3 O-O 8. Be2 e5 9. cxd5 cxd5 10. Nb5 Bb4+ 11.
Bd2 Bxd2+ 12. Nxd2 a6 13. dxe5 Nxe5 14. Nd4 Bg4 15. O-O Rc8 16. Qd1 Qd6 17. h3 Bxe2 18.
Qxe2 g6 19. Rfd1 Rfd8 20. N2f3 Ne4 21. Qb2 Nc3 22. Rd2 Nxf3+ 23. Nxf3 Rc7 24. Rd4 Rdc8 25. Qd2 b5 26. Re1 Qe7 27. b4 Rc4 28. a3 Ne4 29.
Qd1 Rc2 30. Rf1 Ra2 31. Rxd5 Rxa3 32. Qd4 Rac3 33. Re5 Qf8 34. Qxe4 R3c4 35. Qb7 1-0

[Event "*** SCC Grand Prix: Titled Tuesday Blitz"]
[Site "Chess.com"]
[Date "2020.07.21"]
[Round "9"]
[White "BeanScreen"]
[Black "capatl"]
[Result "0-1"]
[WhiteElo "2660"]
[BlackElo "2432"]
[TimeControl "180+1"]
[EndTime "11:48:05 PDT"]
[Termination "capatl won on time"]

1. e4 c5 2. Nf3 e6 3. d4 cxd4 4. Bg5 f6 5. Bh4 e5 6. c3 Qb6 7. cxd4 Qxb2 8. Nbd2 exd4 9. e5 Nc6 10. Rb1 Qc3 11.
exf6 Nxf6 12. Bxf6 gxf6 13. Bc4 d6 14. O-O Bg4 15.
Re1+ Ne5 16. Rxb7 Be7 17. Nxe5 Bxd1 18. Nf7 O-O 19. Rexe7 Bc2 20. Bb3 Qa1+ 21. Nf1 Bd3 22. Ng5+ d5 23. Bxd5+ Rf7 0-1

[Event "*** SCC Grand Prix: Titled Tuesday Blitz"]
[Site "Chess.com"]
[Date "2020.07.21"]
[Round "9"]
[White "LisikValera"]
[Black "Parkas"]
[Result "1-0"]
[WhiteElo "2464"]
[BlackElo "2344"]
[TimeControl "180+1"]
[EndTime "11:48:06 PDT"]
[Termination "LisikValera won on time"]

1. d4 g6 2. e4 Bg7 3. Nc3 d6 4. h4 Nc6 5. Be3 e5 6. Nge2 exd4 7.
Nxd4 Nge7 8. h5 f5 9. hxg6 hxg6 10. Rxh8+ Bxh8 11. Bc4 Ne5 12. Bb3 a6 13. a4 c5 14.
Nf3 c4 15. Nxe5 cxb3 16. Nc4 Bxc3+ 17. bxc3 d5 18. exd5 Qxd5 19. cxb3 Qxg2 20. Nb6 Rb8 21. Qe2 Qh1+ 22. Qf1 Qxf1+ 23. Kxf1 Be6 24. c4 Rd8 25. Re1 Kf7 26. Bg5 Rd6 27. a5 Rd3 28. Na4 Rh3 29. Kg2 Rh5 30. Bxe7 f4 31. Bd6 g5 32. Nc5 1-0

[Event "*** SCC Grand Prix: Titled Tuesday Blitz"]
[Site "Chess.com"]
[Date "2020.07.21"]
[Round "9"]
[White "GOGIEFF"]
[Black "SantoBlue"]
[Result "1-0"]
[WhiteElo "2913"]
[BlackElo "2750"]
[TimeControl "180+1"]
[EndTime "11:48:08 PDT"]
[Termination "GOGIEFF won by resignation"]

1. d4 d6 2. c4 c5 3. Nf3 g6 4. Nc3 Bg7 5. d5 Bg4 6. e4 Nd7 7. Be2 Ngf6 8. O-O O-O 9. h3 Bxf3 10. Bxf3 Ne8 11. h4 e6 12. Bg5 Bf6 13. Qd2 e5 14. Rab1 Bxg5 15. hxg5 f6 16. gxf6 Nexf6 17. a3 Rc8 18.
Be2 h5 19. b4 Kg7 20. Qg5 Rf7 21. Rfd1 Qf8 22. Rd3 Nh7 23. Qh4 Rf4 24. Qh3 Qf7 25. Rg3 Kh6 26. bxc5 Rxc5 27. Rxb7 Nhf6 28. Nb5 Qe7 29.
Qe6 Qd8 30. Nxd6 Qa5 31. Rxd7 Qe1+ 32. Kh2 Qxf2 33. Nf7+ Kg7 34. Nxe5+ Nxd7 35. Rxg6+ 1-0

[Event "*** SCC Grand Prix: Titled Tuesday Blitz"]
[Site "Chess.com"]
[Date "2020.07.21"]
[Round "9"]
[White "chessdjw"]
[Black "keepitcool9499"]
[Result "0-1"]
[WhiteElo "2673"]
[BlackElo "2595"]
[TimeControl "180+1"]
[EndTime "11:48:09 PDT"]
[Termination "keepitcool9499 won by resignation"]

1. d4 e6 2. c4 Nf6 3. Nc3 d5 4. cxd5 exd5 5. Bg5 Be7 6. e3 O-O 7. Bd3 c6 8. Nge2 Nbd7 9. O-O Re8 10. Qc2 h6 11.
Bh4 Ne4 12. Bxe7 Qxe7 13. Rae1 f6 14. f3 Nd6 15. Nf4 Nf8 16. e4 dxe4 17. fxe4 Nf7 18. e5 fxe5 19. Bc4 Ne6 20. Ng6 Qb4 21. Qf5 Nd6 22.
Bxe6+ Bxe6 23. Qxe5 Bf7 24. Ne7+ Rxe7 25. Qxe7 Qxd4+ 26. Qe3 Qxe3+ 27. Rxe3 Nc4 28. Re2 Nb6 29. Rd1 Bh5 30.
Re6 Bxd1 31. Nxd1 Rd8 32. Nc3 Nd5 33. Re2 Nxc3 34. bxc3 Rd7 35. Rb2 Kf7 36. Kf2 Ke6 37. Ke3 Kd6 38. Rd2+ Ke6 39. Re2 Rd5 40. Kf4+ Kd7 41. c4 Rd4+ 42. Re4 Rxe4+ 43. Kxe4 Ke6 44. c5 b6 45. Kd4 g6 46. g3 h5 47. h4 Kf5 48. a4 Ke6 49. cxb6 axb6 50. Ke4 Kd6 51.
Kd4 c5+ 52. Kc4 Kc6 53. Kc3 b5 54. axb5+ Kxb5 55. Kb3 c4+ 56. Kc3 Kc5 57. Kc2 Kd4 58.
Kd2 Ke4 59. Kc3 Kf3 60. Kxc4 Kxg3 61. Kd4 Kxh4 62. Ke3 Kh3 63. Kf2 0-1

[Event "*** SCC Grand Prix: Titled Tuesday Blitz"]
[Site "Chess.com"]
[Date "2020.07.21"]
[Round "9"]
[White "XiaoKangZhong"]
[Black "mariangie523"]
[Result "1-0"]
[WhiteElo "2358"]
[BlackElo "2045"]
[TimeControl "180+1"]
[EndTime "11:48:09 PDT"]
[Termination "XiaoKangZhong won on time"]

1. e4 c5 2. c3 Nc6 3. d4 c4 4.
Bxc4 e6 5. Nf3 d5 6. exd5 exd5 7. Bb5 Nf6 8. O-O Bd6 9. h3 O-O 10. Bg5 h6 11. Bh4 g5 12. Bg3 Bxg3 13. fxg3 Ne4 14.
g4 Ng3 15. Re1 f5 16. gxf5 Bxf5 17. Nbd2 Qd6 18. Ne5 Rf6 19. Ng4 Rff8 20. Ne5 Rf6 21.
Ng4 Rff8 22. Nf1 Ne4 23. Nfe3 Bh7 24. Rf1 Ng3 25. Rxf8+ Rxf8 26. Qe1 h5 27. Bxc6 bxc6 28. Ne5 Ne4 29. Qe2 h4 30. Qg4 Rf4 31. Qc8+ Kg7 32. Qb7+ Kh8 33. Qxc6 Qxc6 34. Nxc6 Rf2 35. Nxd5 Rxb2 36.
Re1 1-0

[Event "*** SCC Grand Prix: Titled Tuesday Blitz"]
[Site "Chess.com"]
[Date "2020.07.21"]
[Round "9"]
[White "vinniethepooh"]
[Black "londonkid"]
[Result "1-0"]
[WhiteElo "2665"]
[BlackElo "2415"]
[TimeControl "180+1"]
[EndTime "11:48:11 PDT"]
[Termination "vinniethepooh won by checkmate"]

1. d4 Nf6 2. c4 e6 3. Nc3 Bb4 4. f3 d5 5. a3 Bxc3+ 6. bxc3 b6 7. cxd5 exd5 8. e3 Bb7 9. Bd3 O-O 10. Ne2 Re8 11.
O-O c5 12. Ng3 Nc6 13. Ra2 Rc8 14. Re2 Rc7 15. Bb2 h5 16. Rfe1 Bc8 17. Nh1 h4 18. h3 Nh5 19. Bc1 Rce7 20. a4 Qc7 21. e4 dxe4 22. Bxe4 cxd4 23. Bxc6 Rxe2 24. Bxe8 Ra2 25.
Qxd4 Bxh3 26. Bd2 Bxg2 27. Kxg2 Nf4+ 28. Kf1 Nh3 29. Nf2 Qh2 30. Nxh3 Rxd2 31. Qg4 f5 32. Qc4+ Kh8 33. Qxh4+ Kg8 34. Bf7+ Kxf7 35. Ng5+ Kg6 36. Re6# 1-0

[Event "*** SCC Grand Prix: Titled Tuesday Blitz"]
[Site "Chess.com"]
[Date "2020.07.21"]
[Round "9"]
[White "sewin16"]
[Black "WildTricks"]
[Result "1-0"]
[WhiteElo "2397"]
[BlackElo "2485"]
[TimeControl "180+1"]
[EndTime "11:48:12 PDT"]
[Termination "sewin16 won by checkmate"]

1. e4 c5 2. Nf3 d6 3. d4 cxd4 4. Nxd4 Nf6 5. Nc3 a6 6. Bg5 Nbd7 7. Qe2 e6 8. f4 Qc7 9. O-O-O b5 10. g4 b4 11. Nd5 exd5 12. exd5+ Be7 13. Nc6 Nb8 14. Bxf6 gxf6 15. Nd4 Ra7 16. Bg2 O-O 17. Be4 Re8 18. Qg2 Bf8 19. Rhe1 Bd7 20. g5 f5 21. Nxf5 Qc4 22.
Nh6+ Kg7 23. Qg1 Rc7 24. Bd3 Qxf4+ 25. Kb1 Rxe1 26. Rxe1 Rc8 27. Rf1 Qe5 28. Rxf7+ Kh8 29. Rxh7# 1-0

[Event "*** SCC Grand Prix: Titled Tuesday Blitz"]
[Site "Chess.com"]
[Date "2020.07.21"]
[Round "9"]
[White "ChronicUnhappiness"]
[Black "icychess54"]
[Result "1-0"]
[WhiteElo "2388"]
[BlackElo "2272"]
[TimeControl "180+1"]
[EndTime "11:48:14 PDT"]
[Termination "ChronicUnhappiness won by checkmate"]

1. c4 c6 2. d4 d5 3. Nf3 Nf6 4. cxd5 cxd5 5. Nc3 Nc6 6. Bf4 e5 7. Nxe5 Bd6 8. Nxc6 bxc6 9. Bxd6 Qxd6 10. e3 O-O 11.
Bd3 Rb8 12. b3 h5 13. h3 Re8 14. O-O h4 15. Rc1 Ne4 16. Bxe4 dxe4 17. Qh5 Qf6 18. Ne2 Ba6 19. Rc5 g6 20. Qg4 Kg7 21. Rfc1 Re6 22. Nf4 Kh7 23. Nxe6 fxe6 24. Rxc6 Bd3 25. Qxe6 Qg5 26.
Rc7+ Kh6 27. R1c5 Qg3 28. fxg3 hxg3 29. Rh5+ Kxh5 30. Rh7+ Kg5 31. Qe5# 1-0

[Event "*** SCC Grand Prix: Titled Tuesday Blitz"]
[Site "Chess.com"]
[Date "2020.07.21"]
[Round "9"]
[White "politeplayer"]
[Black "mikheeva86"]
[Result "0-1"]
[WhiteElo "2182"]
[BlackElo "1944"]
[TimeControl "180+1"]
[EndTime "11:48:15 PDT"]
[Termination "mikheeva86 won by checkmate"]

1. e4 e5 2. Nf3 Nc6 3. d4 exd4 4. Nxd4 Nf6 5. Nxc6 bxc6 6. e5 Qe7 7. Qe2 Nd5 8. c4 Ba6 9. b3 O-O-O 10. Bb2 g5 11. g3 Bg7 12. Nd2 Rde8 13. Qe4 Bxe5 14. cxd5 Bxb2 15. Bxa6+ Kb8 16. O-O Qxe4 17. Nxe4 Bxa1 18.
Nxg5 Bf6 19. Nxf7 Rhf8 20. Nh6 cxd5 21. Ng4 c6 22. Kg2 Kc7 23. h4 h5 24. Ne3 d4 25. Nc2 Kb6 26. Bd3 Rg8 27. Kh2 d5 28. b4 Rg4 29. a4 Reg8 30. Kh3 Be5 31. Re1 Bxg3 32. a5+ Kb7 33. Re7+ Bc7 34. a6+ Kb6 35. Bf5 Rg1 36. Rxc7 Rh1# 0-1

[Event "*** SCC Grand Prix: Titled Tuesday Blitz"]
[Site "Chess.com"]
[Date "2020.07.21"]
[Round "9"]
[White "talaicito"]
[Black "esrosenberg"]
[Result "1-0"]
[WhiteElo "2079"]
[BlackElo "2188"]
[TimeControl "180+1"]
[EndTime "11:48:16 PDT"]
[Termination "talaicito won by checkmate"]

1. d4 Nf6 2. Nc3 d5 3. Bf4 a6 4. e3 c5 5. Nf3 Nc6 6. Ne5 Bf5 7.
g4 Nxe5 8. gxf5 Nc6 9. dxc5 d4 10. exd4 Qxd4 11. Qxd4 Nxd4 12. O-O-O e5 13. Bxe5 Nxf5 14. Bxf6 gxf6 15. Bh3 Bh6+ 16. Kb1 Ne7 17. Ne4 O-O 18. Nxf6+ Kh8 19. Rd7 Ng6 20. Rxb7 Nf4 21. Bf5 Rab8 22. c6 Rxb7 23. cxb7 Rb8 24. Bc8 Ne6 25. Nd7 Bf4 26. Nxb8 Bxb8 27. Bxe6 fxe6 28. Re1 e5 29. f4 Kg7 30.
fxe5 Kf7 31. e6+ Ke7 32. h3 h5 33. c4 h4 34. c5 a5 35. Re4 Bc7 36. Rxh4 Kxe6 37.
Rh8 Kd5 38. b8=Q Bxb8 39. Rxb8 Kxc5 40. a4 Kc6 41. Rb5 Kc7 42. Rxa5 Kb7 43. Rb5+ Ka6 44. h4 Ka7 45. h5 Ka6 46. h6 Ka7 47. h7 Ka6 48. h8=Q Ka7 49. Qb8+ Ka6 50. Qb6# 1-0

[Event "*** SCC Grand Prix: Titled Tuesday Blitz"]
[Site "Chess.com"]
[Date "2020.07.21"]
[Round "9"]
[White "pfalcon1949"]
[Black "cukin84"]
[Result "0-1"]
[WhiteElo "2002"]
[BlackElo "2168"]
[TimeControl "180+1"]
[EndTime "11:48:16 PDT"]
[Termination "cukin84 won by resignation"]

1. d4 f5 2. c4 Nf6 3. Nf3 g6 4.
g3 Bg7 5. Bg2 d6 6. O-O O-O 7.
d5 a5 8. Nc3 Na6 9. Bg5 Nc5 10.
Bxf6 Bxf6 11. Qc2 Bd7 12. Rfe1 Qe8 13. Rab1 Qf7 14. e4 fxe4 15. Nd2 e3 16. fxe3 Bf5 17.
e4 Bg4 18. Rf1 Qg7 19. Nb3 b6 20. Nxc5 bxc5 21. Nb5 Bd4+ 22. Nxd4 Qxd4+ 23. Kh1 Rf6 24. Rxf6 exf6 25. Rf1 Rb8 26. b3 a4 27. h3 axb3 28.
axb3 Bd7 29. Kh2 Ra8 30. Qe2 Ra3 31. Qf3 Kg7 32. g4 Qe5+ 33. Kh1 Ba4 34. Rb1 Ra1 35. Rxa1 Qxa1+ 36. Kh2 Qe5+ 37. Kg1 Qd4+ 38. Kh2 Bd7 39. g5 f5 40. exf5 Bxf5 41. Qe2 Qf4+ 42. Kh1 Qxg5 43. Qe8 Qc1+ 44. Kh2 Qf4+ 45. Kg1 Kh6 46. Qf8+ Kh5 47.
Qf7 Qd4+ 48. Kh1 h6 49. Bf3+ Kh4 50. Qe7+ Kg3 51. Qe1+ Kxf3 52. Qf1+ Qf2 53. Qd1+ Kg3 54. Qg1+ Qxg1+ 55. Kxg1 Bxh3 0-1

[Event "*** SCC Grand Prix: Titled Tuesday Blitz"]
[Site "Chess.com"]
[Date "2020.07.21"]
[Round "9"]
[White "eightbyeightchess"]
[Black "reutik"]
[Result "1-0"]
[WhiteElo "2430"]
[BlackElo "2311"]
[TimeControl "180+1"]
[EndTime "11:48:18 PDT"]
[Termination "eightbyeightchess won by resignation"]

1. e4 c6 2. d4 d5 3. e5 Bf5 4.
h4 h5 5. Bd3 e6 6. Bxf5 exf5 7.
Ne2 Na6 8. Bg5 Be7 9. Qd2 Nc7 10. Nbc3 Ne6 11. Bxe7 Nxe7 12. O-O-O g6 13. Kb1 Nc8 14. f3 Nb6 15. b3 Qe7 16. Kb2 a5 17. a4 Qb4 18.
Ka2 Rc8 19. Nb1 Qxd2 20. Rxd2 f4 21. Nbc3 Rc7 22. Nd1 O-O 23. Nf2 f6 24. Nd3 fxe5 25. Nxe5 Kh7 26. Rg1 Nd7 27. Nd3 Rcc8 28. Re1 Rcd8 29.
Ng1 Rf6 30. Nh3 Ndf8 31. Rde2 Rd7 32. Rxe6 Nxe6 33. Rxe6 Rxe6 34. Ng5+ Kg7 35. Nxe6+ Kf6 36. Nexf4 Kf5 37. Ne5 Rg7 38. Nfxg6 b6 39. g4+ hxg4 40. fxg4+ Ke4 41. h5 c5 42. h6 Rh7 43. g5 Kf5 44.
Nf8 Rh8 45. g6 Rxf8 46. g7 Rg8 47. h7 1-0

[Event "*** SCC Grand Prix: Titled Tuesday Blitz"]
[Site "Chess.com"]
[Date "2020.07.21"]
[Round "9"]
[White "nikitakhoroshev"]
[Black "Tooweak2slow03"]
[Result "1-0"]
[WhiteElo "2555"]
[BlackElo "2677"]
[TimeControl "180+1"]
[EndTime "11:48:20 PDT"]
[Termination "nikitakhoroshev won by checkmate"]

1. d4 e6 2. c4 f5 3. Nc3 Bb4 4. Qb3 a5 5. a3 Bxc3+ 6. Qxc3 a4 7. f3 Nf6 8. Bg5 h6 9. Bh4 O-O 10. e3 d6 11. Bd3 Nbd7 12. Ne2 Qe8 13. Bf2 b6 14.
O-O Bb7 15. Rae1 Qg6 16. Nf4 Qf7 17. Qc2 g5 18. Ne2 Qg7 19. Ng3 h5 20. d5 h4 21.
Ne2 h3 22. g3 Nc5 23. Nd4 Nxd3 24. Qxd3 exd5 25. Nxf5 Qh7 26. cxd5 Ba6 27. Qc2 Bxf1 28. Rxf1 Nxd5 29. e4 Ne7 30. g4 Nxf5 31. gxf5 Qh5 32. Bd4 c5 33. Bc3 g4 34. Kh1 Kh7 35. Qd2 gxf3 36.
Qxd6 Rf7 37. Qf4 Rd8 38. Rg1 Rd3 39. Qb8 Qg4 40. Qh8# 1-0

[Event "*** SCC Grand Prix: Titled Tuesday Blitz"]
[Site "Chess.com"]
[Date "2020.07.21"]
[Round "9"]
[White "EvgenyT"]
[Black "baag"]
[Result "0-1"]
[WhiteElo "2898"]
[BlackElo "2710"]
[TimeControl "180+1"]
[EndTime "11:48:22 PDT"]
[Termination "baag won on time"]

1. d4 Nf6 2. Nf3 e6 3. g3 d5 4.
Bg2 Be7 5. O-O O-O 6. Nbd2 c5 7.
c4 cxd4 8. Nxd4 Nc6 9. Nxc6 bxc6 10. Qc2 Ba6 11. b3 Rc8 12. Bb2 c5 13. cxd5 exd5 14. Rfe1 Qb6 15. Rad1 c4 16. Bxf6 Bxf6 17. Bxd5 cxb3 18.
Qxb3 Qxb3 19. axb3 Bc3 20. e4 Bd3 21. Nc4 Bc2 22.
Rc1 Bxe1 23. Rxc2 Bb4 24. Ra2 Rc7 25. Ra6 g6 26. Kg2 Kg7 27. h4 h5 28. f4 Rd8 29.
Ra4 Rb8 30. Ra6 Bc3 31. Nd6 Bb4 32. e5 Bxd6 33. exd6 Rd7 34. Kf3 Rb6 35. Rxb6 axb6 36. Ke4 Rxd6 37. Ke5 Rd7 38. b4 Kf8 39. b5 Ke7 0-1

[Event "*** SCC Grand Prix: Titled Tuesday Blitz"]
[Site "Chess.com"]
[Date "2020.07.21"]
[Round "9"]
[White "LedakovAlexandr"]
[Black "Julianos82"]
[Result "1-0"]
[WhiteElo "2481"]
[BlackElo "2265"]
[TimeControl "180+1"]
[EndTime "11:48:22 PDT"]
[Termination "LedakovAlexandr won by resignation"]

1. d4 d5 2. Nf3 c6 3. c4 dxc4 4. a4 Nf6 5. Nc3 Bf5 6. Ne5 e6 7. f3 Bb4 8. Nxc4 Nd5 9. Qb3 Qh4+ 10. g3 Qxd4 11. Bd2 Na6 12. Nxd5 exd5 13. Bxb4 dxc4 14. Bc3 cxb3 15. Bxd4 f6 16. e4 Be6 17. Bxa6 bxa6 18. Ke2 O-O-O 19. Rhd1 Kb7 20. Ke3 Rd7 21. Rd2 Rhd8 22.
Rad1 h5 23. h4 a5 24. Rc1 g6 25. Rc5 f5 26. Rxa5 a6 27. Re5 Rd6 28. Bc3 fxe4 29. Rxd6 Rxd6 30. Bb4 Rd3+ 31. Kxe4 Bf5+ 32. Rxf5 1-0

[Event "*** SCC Grand Prix: Titled Tuesday Blitz"]
[Site "Chess.com"]
[Date "2020.07.21"]
[Round "9"]
[White "kirillshevchenko"]
[Black "Sashadav97"]
[Result "1-0"]
[WhiteElo "2894"]
[BlackElo "2608"]
[TimeControl "180+1"]
[EndTime "11:48:23 PDT"]
[Termination "kirillshevchenko won by resignation"]

1. e4 c5 2. Nf3 Nc6 3. Nc3 d6 4. d4 cxd4 5. Nxd4 Nf6 6. Bg5 e6 7. Qd3 Nb4 8. Qb5+ Nc6 9. Nxc6 bxc6 10. Qxc6+ Bd7 11. Qa6 Be7 12. Bb5 O-O 13. Bxd7 Qxd7 14. O-O Qc7 15. Rfd1 Rab8 16. Rab1 Rb6 17. Qd3 Rc8 18. f3 Qb7 19. Na4 Ra6 20. b3 Ra5 21. Bxf6 Bxf6 22. Qxd6 Rg5 23. h4 Rg6 24. Nc5 Qb5 25.
Nd7 Qe2 26. Nxf6+ gxf6 27. Qh2 Rxc2 28. Kh1 Rxa2 29. h5 Rg5 30. Rd8+ Kg7 31. h6+ 1-0

[Event "*** SCC Grand Prix: Titled Tuesday Blitz"]
[Site "Chess.com"]
[Date "2020.07.21"]
[Round "9"]
[White "Zurability"]
[Black "KuzubovYuriy"]
[Result "0-1"]
[WhiteElo "2599"]
[BlackElo "2837"]
[TimeControl "180+1"]
[EndTime "11:48:25 PDT"]
[Termination "KuzubovYuriy won on time"]

1. Nf3 d5 2. g3 Bg4 3. Bg2 Nd7 4.
c4 e6 5. cxd5 exd5 6. O-O c6 7.
d3 Ngf6 8. e4 Ne5 9. Qe2 Be7 10.
Nbd2 dxe4 11. dxe4 Qd3 12. Qxd3 Nxd3 13. h3 Be6 14.
Nd4 Bd7 15. Nc4 Nxc1 16. Raxc1 O-O 17. e5 Ne8 18. Nb3 Rd8 19. Rfd1 Bc8 20. Nba5 f6 21. f4 fxe5 22. Nxe5 Nf6 23. Bf1 g6 24. Bc4+ Kg7 25.
Nb3 g5 26. Kh2 Rxd1 27. Rxd1 Nh5 28. Nd4 gxf4 29. g4 Ng3 30. Nef3 Bf6 31. Re1 Rd8 32. g5 Bxd4 33. Re7+ Kg6 0-1

[Event "*** SCC Grand Prix: Titled Tuesday Blitz"]
[Site "Chess.com"]
[Date "2020.07.21"]
[Round "9"]
[White "grandcoach"]
[Black "Boudicca64"]
[Result "1-0"]
[WhiteElo "2122"]
[BlackElo "1794"]
[TimeControl "180+1"]
[EndTime "11:48:25 PDT"]
[Termination "grandcoach won on time"]

1. e4 c5 2. b4 b6 3. Nf3 Bb7 4.
Bc4 e6 5. bxc5 Bxe4 6. Nc3 Bb7 7. cxb6 axb6 8. O-O Nf6 9. Re1 Be7 10. a4 O-O 11.
Ba3 d5 12. Bxe7 Qxe7 13. Bb5 Nbd7 14. Nd4 Qd6 15. Qf3 g6 16. Qg3 Qxg3 17. hxg3 Rac8 18. Rab1 e5 19. Nf3 e4 20. Nd4 Nc5 21. Be2 Ne6 22.
Nxe6 fxe6 23. Rxb6 d4 24. Nb5 Bd5 25. Nxd4 e5 26. Nb5 Rxc2 27. Bf1 Rxd2 28. Nc3 Ba8 29. Bc4+ 1-0